 Dungeon Crawl Stone Soup version 0.29-a0-1047-g7c58e119a4 (webtiles) character file.

Game seed: 12928474307536919544

252282 Zeldest the Severer (level 18, -20/150 HPs)
             Began as a Mummy Fighter on Aug 17, 2022.
             Was an Initiate of Gozag.
             Killed by a resonance strike
             ... invoked by Zenata
              (31 damage)
             ... on level 1 of the Vaults.
             The game lasted 01:38:25 (39974 turns).

Zeldest the Severer (Mummy Fighter)                Turns: 39974, Time: 01:38:25

Health: -20/150    AC: 25    Str: 27    XL:     18   Next: 96%
Magic:  0/18       EV: 25    Int: 14    God:    Gozag
Gold:   8247       SH: 18    Dex: 15    Spells: 17/17 levels left

rFire   + . .      SeeInvis +   a - +8 mithril axe "Arga" {speed, Will+}
rCold   + . .      Faith    .   z - +0 tower shield {AC+3}
rNeg    + + +      Spirit   +   J - +0 fire dragon scales
rPois   ∞          Reflect  .   A - +2 hat of the Bear Spirit {Spirit, *Rage Will++}
rElec   .          Harm     .   G - +0 cloak of Niebircha {*Slow Will++ Regen+ rCorr Dex+4}
rCorr   +          Rampage  .   y - +2 pair of gloves
Will    +++++                   K - +1 pair of boots
Stlth   ..........              F - amulet of the acrobat
HPRegen 1.15/turn               E - ring of the Death Scarab {rC+ Int+6 Slay+2}
MPRegen 0.16/turn               N - ring of see invisible

@: about to teleport, acrobatic, slowed, studying Ranged Weapons, very slow
A: cold resistance 1, negative energy resistance 3, torment resistance 2, heat
vulnerability 1, in touch with death 2, no potions
}: 2/15 runes: decaying, serpentine
a: Renounce Religion, Potion Petition, Call Merchant, Bribe Branch


You were on level 1 of the Vaults.
You worshipped Gozag.
Gozag was greatly pleased with you.
You visited 8 branches of the dungeon, and saw 34 of its levels.
You also visited: Ossuary and Gauntlet.

You collected 14423 gold pieces.
You spent 4833 gold pieces at shops.
You paid 1343 gold pieces to Gozag.

Inventory:

Hand Weapons
 a - the +8 mithril axe "Arga" (weapon) {speed, Will+}
   (You bought it in a shop on level 4 of the Dungeon)

   Attacks with this weapon are significantly faster.
   Will:      It increases your willpower.
 w - a +1 hand axe of flaming
 x - a +6 spectral broad axe
 I - the +8 longbow "Zephyr" {speed, Dex+3 SInv}
   (You found it in a Gauntlet)

   Attacks with this weapon are significantly faster.
   Dex:       It affects your dexterity (+3).
   SInv:      It lets you see invisible.
Missiles
 l - a throwing net (quivered)
Armour
 y - a +2 pair of gloves (worn)
 z - a +0 tower shield of protection (worn)
 A - the +2 hat of the Bear Spirit (worn) {Spirit, *Rage Will++}
   (You acquired it on level 4 of the Dungeon)

   Going berserk makes the wearer tougher, and they're slowed less afterward.
   *Rage:     It berserks you when you make melee attacks (+20% chance).
   Will:      It greatly increases your willpower.
 G - the +0 cloak of Niebircha (worn) {*Slow Will++ Regen+ rCorr Dex+4}
   (You found it in a Gauntlet)

   Dex:       It affects your dexterity (+4).
   Regen:     It increases your rate of health regeneration.
   rCorr:     It protects you from acid and corrosion.
   *Slow:     It may slow you when you take damage.
   Will:      It greatly increases your willpower.
 J - +0 fire dragon scales (worn)
 K - a +1 pair of boots (worn)
Jewellery
 c - a ring of fire
 u - an amulet of regeneration
 E - the ring of the Death Scarab (left hand) {rC+ Int+6 Slay+2}
   (You bought it in a shop on level 1 of the Swamp)

   [ring of intelligence]

   Int:       It affects your intelligence (+6).
   Slay:      It affects your accuracy & damage with ranged weapons and melee
   (+2).
   rC:        It protects you from cold.
 F - an amulet of the acrobat (around neck)
 H - a ring of flight
 M - a ring of protection from fire
 N - a ring of see invisible (right hand)
Wands
 i - a wand of digging (8)
 j - a wand of polymorph (23)
 n - a wand of charming (15)
 t - a wand of iceblast (13)
 v - a wand of quicksilver (45)
 C - a wand of flame (46)
Scrolls
 b - a scroll of enchant weapon
 d - 7 scrolls of enchant armour
 e - 8 scrolls of vulnerability
 f - 4 scrolls of teleportation
 g - 5 scrolls of magic mapping
 h - 8 scrolls of immolation
 k - 2 scrolls of brand weapon
 m - 3 scrolls of fear
 o - a scroll of poison
 p - 3 scrolls of blinking
 q - 9 scrolls of amnesia
 r - 8 scrolls of noise
 B - 16 scrolls of identify
 D - 6 scrolls of fog
Miscellaneous
 L - a phantom mirror


   Skills:
 + Level 15.6 Fighting
 + Level 18.1 Axes
 + Level 13.3 Armour
 - Level 5.8 Dodging
 + Level 13.3 Shields
 + Level 6.9 Evocations


You had 17 spell levels left.
You didn't know any spells.
Your spell library contained the following spells:

 Spells                   Type           Power      Damage    Failure   Level
 Freeze                   Ice            0%         1d3       95%         1
 Magic Dart               Conj           0%         1d3       95%         1
 Sandblast                Erth           0%         2d4       95%         1
 Call Imp                 Summ           0%         N/A       98%         2
 Ensorcelled Hibernation  Hex/Ice        0%         N/A       98%         2
 Passwall                 Tmut/Erth      0%         N/A       98%         2
 Dazzling Flash           Conj/Hex       0%         N/A       100%        3
 Frozen Ramparts          Ice            0%         1d1       100%        3
 Gell's Gravitas          Tloc           0%         N/A       100%        3
 Inner Flame              Hex/Fire       0%         N/A       100%        3
 Mephitic Cloud           Conj/Pois/Air  0%         N/A       100%        3
 Ozocubu's Armour         Ice            0%         N/A       100%        3
 Stone Arrow              Conj/Erth      0%         3d7       100%        3
 Swiftness                Air            0%         N/A       100%        3
 Teleport Other           Tloc           0%         N/A       100%        3
 Animate Armour           Summ/Erth      0%         N/A       100%        4
 Cause Fear               Hex            0%         N/A       100%        4
 Hailstorm                Conj/Ice       0%         3d3       100%        4
 Iskenderun's Mystic Bla  Conj/Tloc      0%         2d3       100%        4
 Summon Ice Beast         Ice/Summ       0%         N/A       100%        4
 Metabolic Englaciation   Hex/Ice        0%         N/A       100%        5
 Summon Forest            Summ/Tloc      0%         N/A       100%        5
 Summon Mana Viper        Hex/Summ       0%         N/A       100%        5
 Dispersal                Tloc           0%         N/A       100%        6
 Iron Shot                Conj/Erth      0%         9d1       100%        6
 Starburst                Conj/Fire      0%         6d3       100%        6
 Summon Cactus Giant      Summ           0%         N/A       100%        6
 Monstrous Menagerie      Summ           0%         N/A       100%        7
 Ozocubu's Refrigeration  Ice            0%         4d7       100%        7
 Discord                  Hex            0%         N/A       100%        8
 Chain Lightning          Conj/Air       0%         N/A       100%        9
 Dragon's Call            Summ           0%         N/A       100%        9
 Fire Storm               Conj/Fire      0%         5d1       100%        9
 Shatter                  Erth           0%         3d5*      100%        9
 Blade Hands              Tmut           Unusable   N/A       N/A         5
 Simulacrum               Ice/Necr       Unusable   N/A       N/A         6
 Dragon Form              Tmut           Unusable   N/A       N/A         7

Dungeon Overview and Level Annotations

Branches:
Dungeon (15/15)            Temple (1/1) D:6            Lair (5/5) D:9
  Swamp (4/4) Lair:2        Snake (4/4) Lair:3        Slime (0/5) Lair:4
    Orc (2/2) D:9             Elf (1/3) Orc:2        Vaults (2/5) D:13
 Depths (0/4) D:15        Ossuary (visited)         Gauntlet (visited)
  Crypt: Vaults:2-3

Altars:
Ashenzari
Cheibriados
Dithmenos
Fedhas
Gozag
Hepliaklqana
Kikubaaqudgha
Makhleb
Nemelex Xobeh
Okawaru
Qazlal
Ru
Sif Muna
Uskayaw
Vehumet
Xom
Yredelemnul

Shops:
D:4 [(::   Orc:1 (   Orc:2 (**[=   Swamp:1 =   Snake:1 !(   Snake:4 *:

Portals:
Trove: D:10 (give mithril axe "Arga")

Annotations:
D:4 3 runed translucent doors, nickcage's ghost, amateur HuWn
D:5 1 runed translucent door, Crazy Yiuf
D:9 2 runed translucent doors
Lair:5 exclusion: obsidian statue
Swamp:3 Bai Suzhen
Vaults:1 exclusion: orange crystal statue, Zenata


Innate Abilities, Weirdness & Mutations

You are immune to poison.
Your flesh is cold resistant. (rC+)
You are immune to negative energy. (rN+++)
You are immune to unholy pain and torment.
You are vulnerable to heat. (rF-)
You are strongly in touch with the powers of death.
You do not drink.


Message History

You slash the +1 vorpal scimitar!
You block the +1 vorpal scimitar's attack.
Zenata is engulfed in poison gas.
Zenata looks as sick as possible!
You block the +1 vorpal scimitar's attack.
The +1 vorpal scimitar attacks as you move away!
The +1 vorpal scimitar hits you but does no damage. x2
Zenata casts a spell at you.
A blast of power from the earth and the +1 vorpal scimitar strikes you!
The slime creature attacks as you move away!
You block the slime creature's attack.
You block the +1 vorpal scimitar's attack.
The +1 vorpal scimitar misses you.
You slice the slime creature!!
The slime creature is moderately wounded.
You miss the +1 vorpal scimitar.
You block the +1 vorpal scimitar's attack.
Zenata is engulfed in poison gas.
Zenata looks as sick as possible!
Zenata sends weapons flying into battle!
You block the slime creature's attack.
As you read the scroll of teleportation, it crumbles to dust.
You feel strangely unstable. The +1 vorpal scimitar hits you!
You feel yourself slow down.
The +1 vorpal scimitar hits you but does no damage.
The +2 vorpal halberd hits you from afar!
The +1 vorpal scimitar misses you.
Zenata looks as sick as possible!
The slime creature hits you!
The +2 vorpal halberd closely misses you.
You block the +2 scimitar of draining's attack.
You block the +1 vorpal scimitar's attack.
The +2 vorpal halberd hits you from afar!
You block the +2 halberd of protection's attack.
The +2 scimitar of draining hits you!
* * * LOW HITPOINT WARNING * * *
The +1 vorpal scimitar hits you!!
* * * LOW HITPOINT WARNING * * *
x2 Zenata looks as sick as possible!
Zenata gestures at you while chanting.
A blast of power from the earth and the adjacent constructs strikes you!
You die...
Your body crumbles into a pile of gold.

##.## .☼○.○.. #####'##
######§○○#
.......######°°○○○..°#
...).......##§☼○...§☼#
####.....#.##§○☼°a.☼☼#
......:....##.°○°>.☼○#
.#.....######°§(J(○○☼#
............#○°○((..☼#
####........#☼☼§@(§§.#
##########§.☼..°§.#
#........# #........#
#........# #####''###
#########...#########
#.......#...#....|..#
#...#####...#####...#


You could see Zenata (extremely poisoned), a slime creature and 5 dancing
weapons.

Vanquished Creatures
  Rupert (D:13)
  Mlioglotl (Swamp:1)
  A sphinx (Vaults:1)
  Agnes (Snake:3)
  Donald (Swamp:1)
  Kirke (D:14)
  6 nagarajas
  2 vault wardens (Vaults:1)
  Louise (Swamp:4)
  The ghost of Hoethry the Fighter, a journeyman MiBe of Trog (Swamp:2)
  3 ironbound preservers
  4 very ugly things (Vaults:1)
  2 ironbound thunderhulks
  2 eleionomae
  A minotaur (Gauntlet)
  6 dire elephants
  4 bunyips
  3 shambling mangroves
  3 great orbs of eyes (Vaults:1)
  A yaktaur captain (Vaults:2)
  A ghost crab (Swamp:2)
  An ogre mage (D:15)
  A boulder beetle (Vaults:1)
  An ironbound frostheart (Vaults:1)
  7 anacondas
  23 hydras
  4 salamander tyrants
  2 catoblepae
  A death knight (D:13)
  4 dancing weapons
  3 two-headed ogres (D:15)
  6 centaur warriors
  11 death yaks (Lair:5)
  3 orc high priests (Orc:2)
  19 naga warriors
  2 tengu warriors
  5 alligators
  7 shock serpents
  4 naga sharpshooters
  A soul eater (Gauntlet)
  5 spriggans
  A spriggan berserker (Swamp:4)
  The ghost of purpskrrrp the Covert, a novice DsEn of Qazlal (D:10)
  A deep elf knight (Orc:2)
  Amaemon (D:11)
  6 salamander mystics
  A spectral anaconda (Lair:5)
  4 sea snakes
  7 goliath frogs
  6 bog bodies
  A spriggan druid (Swamp:2)
  10 deep trolls
  9 naga ritualists
  11 swamp dragons
  4 lindwurms (Vaults:1)
  3 ironbound convokers (Vaults:1)
  4 deep elf zephyrmancers
  4 necromancers (Lair:5)
  A wizard (Vaults:1)
  5 deep elf pyromancers
  8 orc knights
  7 orc sorcerers
  12 mana vipers
  6 manticores
  22 ugly things
  23 salamanders
  6 cyclopes
  26 black mambas
  5 will-o-the-wisps
  7 elephants (Lair:5)
  A rust devil (Gauntlet)
  A torpor snail (Lair:1)
  A guardian serpent (shapeshifter) (D:15)
  An orange demon (D:11)
  4 guardian serpents
  24 naga magi
  6 vault sentinels
  2 kobold demonologists
  A gargoyle (D:10)
  12 cane toads
  2 rime drakes
  A tengu conjurer (D:14)
  7 komodo dragons
  3 efreet
  15 yaktaurs
  9 tyrant leeches
  3 meliai (D:13)
  6 trolls
  2 polar bears
  44 slime creatures
  18 blink frogs
  15 hornets
  A snapping turtle (shapeshifter) (Orc:2)
  2 spectral elephants (Lair:5)
  18 dream sheep
  A dire elephant simulacrum (Lair:5)
  2 shadows
  3 centaur simulacra (D:10)
  A ynoxinul (Gauntlet)
  6 wraiths
  An unseen horror simulacrum (D:10)
  19 yaks
  3 wyverns
  A vampire (D:9)
  7 hogs (D:14)
  5 basilisks
  A human (shapeshifter) (D:15)
  2 fire bats (Gauntlet)
  2 death yak simulacra (Lair:5)
  Edmund (D:5)
  A steam dragon (D:8)
  7 vampire mosquitoes
  A warg (D:15)
  A spectral cane toad (Lair:5)
  14 swamp worms
  59 nagas
  35 water moccasins
  18 orc warriors
  A meliai simulacrum (D:10)
  9 swamp drakes
  7 ice beasts
  5 ogres
  5 boggarts (Vaults:1)
  4 wolves (Lair:1)
  3 elephant skeletons (Lair:5)
  13 centaurs
  4 kobold brigands
  11 bullfrogs
  3 necrophages
  8 scorpions
  2 gnoll sergeants
  7 wights
  17 killer bees
  4 howler monkeys
  2 electric eels
  10 orc priests
  2 hounds (D:5)
  4 iron imps (Gauntlet)
  Terence (D:2)
  Ijyb (D:5)
  6 hell rats
  4 iguanas
  19 orc wizards
  A hound zombie (D:4)
  A mummy (Ossuary)
  A howler monkey zombie (D:4)
  13 gnolls
  29 adders
  7 shadow imps
  2 white imps
  An ufetubus (D:5)
  3 worms
  A dart slug (D:2)
  55 orcs
  2 bats (D:3)
  5 endoplasms
  4 giant cockroaches
  9 goblins
  4 hobgoblins
  4 jackals (D:5)
  12 kobolds
  2 quokkas
  2 ball pythons
  3 frilled lizards
  6 gnoll skeletons (Ossuary)
  6 kobold skeletons (Ossuary)
  13 orc skeletons (Ossuary)
  4 rats
1090 creatures vanquished.

Vanquished Creatures (collateral kills)
  Erica (Lair:2)
  A hornet (Swamp:1)
  A tyrant leech (Lair:2)
  A spriggan (Swamp:1)
  A wraith (D:9)
  2 orc wizards (D:9)
  An orc (D:9)
8 creatures vanquished.

Vanquished Creatures (others)
  A black mamba (Lair:1)
  A rime drake (D:10)
  3 bloated husks
  A steam dragon (D:9)
  A water moccasin (Lair:2)
  A swamp drake (Swamp:2)
  An orc priest (Orc:2)
  20 foxfires
  29 fungi
  39 plants
  40 withered plants
137 creatures vanquished.

Grand Total: 1235 creatures vanquished

Notes
Turn   | Place    | Note
-------+----------+-------------------------------------------
     0 | D:1      | Zeldest the Mummy Fighter began the quest for the Orb.
     0 | D:1      | Reached XP level 1. HP: 18/18 MP: 1/1
    33 | D:1      | Found a faded altar of an unknown god.
   610 | D:1      | Reached XP level 2. HP: 21/24 MP: 2/2
  1292 | D:2      | Reached skill level 2 in Axes
  1587 | D:2      | Noticed Terence
  1592 | D:2      | Killed Terence
  1593 | D:2      | Gained mutation: You are in touch with the powers of death.
                  | [Mummy growth]
  1593 | D:2      | Reached XP level 3. HP: 8/29 MP: 3/3
  2726 | D:4      | Found a sand-covered staircase.
  2758 | D:4      | Reached XP level 4. HP: 35/35 MP: 4/4
  2915 | Ossuary  | Entered an ossuary
  2915 | Ossuary  | Noticed a wraith
  2915 | Ossuary  | Noticed a wraith
  2915 | Ossuary  | Noticed a wraith
  3037 | Ossuary  | Noticed a wraith
  3072 | Ossuary  | Killed a wraith
  3073 | Ossuary  | Reached skill level 3 in Axes
  3073 | Ossuary  | Reached XP level 5. HP: 3/42 MP: 5/5
  3073 | Ossuary  | Reached XP level 6. HP: 4/48 MP: 6/6
  3661 | D:4      | Reached skill level 4 in Axes
  3819 | D:4      | Found Gotopt's Book Boutique.
  3831 | D:4      | Reached XP level 7. HP: 50/55 MP: 7/7
  3895 | D:4      | Found Yptopsol's Antique Weapon Shoppe.
  3987 | D:4      | Found a runed translucent gate.
  3987 | D:4      | Found a runed translucent gate.
  3987 | D:4      | Found a runed translucent gate.
  3987 | D:4      | Noticed nickcage's ghost (amateur HuWn)
  3989 | D:4      | Found a basalt altar of Yredelemnul.
  4339 | D:4      | Identified 2 scrolls of acquirement
  4340 | D:4      | Acquired 330 gold pieces
  4342 | D:4      | Acquired the +2 hat of the Bear Spirit {Spirit, *Rage
                  | Will++}
  4342 | D:4      | Found the +2 hat of the Bear Spirit {Spirit, *Rage Will++}
  4374 | D:4      | Found Ulysucun's Antique Armour Shop.
  4603 | D:4      | Found Qaig's Book Shop.
  4780 | D:5      | Entered Level 5 of the Dungeon
  5118 | D:5      | Noticed Ijyb
  5129 | D:5      | Killed Ijyb
  5196 | D:5      | Reached skill level 5 in Fighting
  5196 | D:5      | Reached skill level 5 in Axes
  5253 | D:5      | Reached XP level 8. HP: 56/62 MP: 8/8
  5310 | D:5      | Noticed Edmund
  5317 | D:5      | Killed Edmund
  5343 | D:5      | Found an opulent altar of Gozag.
  5372 | D:5      | Found a runed translucent door.
  5373 | D:5      | Noticed Crazy Yiuf
  5683 | D:5      | Noticed a hornet
  5724 | D:5      | Killed a hornet
  5725 | D:5      | Reached skill level 6 in Axes
  6162 | D:6      | Found an iron altar of Okawaru.
  6169 | D:6      | Reached skill level 5 in Shields
  6175 | D:6      | Found a staircase to the Ecumenical Temple.
  6186 | D:6      | Reached XP level 9. HP: 69/69 MP: 9/9
  6193 | Temple   | Entered the Ecumenical Temple
  6400 | D:5      | Became a worshipper of Gozag Ym Sagoz the Greedy
  6559 | D:6      | Reached skill level 5 in Armour
  6690 | D:6      | Found a shadowy altar of Dithmenos.
  7385 | D:7      | Reached skill level 7 in Axes
  9343 | D:9      | Reached XP level 10. HP: 68/79 MP: 10/10
  9564 | D:9      | Reached skill level 8 in Axes
  9814 | D:9      | Found a staircase to the Lair.
 10340 | D:9      | Found a staircase to the Orcish Mines.
 10608 | D:9      | Found a large runed translucent door.
 10613 | D:9      | Found a large runed translucent door.
 10856 | Orc:1    | Entered Level 1 of the Orcish Mines
 10935 | Orc:1    | Noticed an orc sorcerer
 10990 | D:10     | Entered Level 10 of the Dungeon
 11560 | Lair:1   | Entered Level 1 of the Lair of Beasts
 11796 | Lair:1   | Reached skill level 9 in Axes
 12050 | D:4      | Bought the +8 mithril axe "Arga" {speed, Will+} for 1615
                  | gold pieces
 12050 | D:4      | Found the +8 mithril axe "Arga" {speed, Will+}
 12204 | Lair:1   | Noticed a black mamba
 12209 | Lair:1   | Noticed a black mamba
 12224 | Lair:1   | Noticed a black mamba
 12235 | Lair:1   | Killed a black mamba
 12243 | Lair:1   | Killed a black mamba
 12244 | Lair:1   | Reached XP level 11. HP: 80/86 MP: 9/11
 12967 | Lair:1   | Reached skill level 10 in Axes
 13195 | Lair:2   | Found a staircase to the Swamp.
 13645 | Lair:2   | Noticed Erica
 13663 | Lair:2   | Killed Erica
 14439 | Lair:2   | Reached XP level 12. HP: 96/96 MP: 12/12
 15174 | Lair:3   | Found a staircase to the Snake Pit.
 15359 | Lair:3   | Noticed a seven-headed hydra
 15371 | Lair:3   | Killed a seven-headed hydra
 15372 | Lair:3   | Reached skill level 11 in Axes
 15757 | Lair:3   | Noticed an eight-headed hydra
 15763 | Lair:3   | Killed an eight-headed hydra
 16080 | Lair:4   | Found a staircase to the Slime Pits.
 16244 | Lair:4   | Reached skill level 10 in Fighting
 16316 | Lair:4   | Noticed a catoblepas
 16856 | D:10     | Noticed purpskrrrp's ghost (novice DsEn)
 16877 | D:10     | Found a portal to a secret trove of treasure.
 17445 | D:10     | Found a runed translucent gate.
 17445 | D:10     | Found a runed translucent gate.
 17445 | D:10     | Found a runed translucent gate.
 18053 | D:11     | Noticed Amaemon
 18066 | D:11     | Killed Amaemon
 18442 | D:10     | Killed purpskrrrp's ghost
 18443 | D:10     | Reached skill level 12 in Axes
 18657 | D:11     | Gained mutation: You are strongly in touch with the powers
                  | of death. [Mummy growth]
 18657 | D:11     | Reached XP level 13. HP: 104/104 MP: 13/13
 19583 | Lair:5   | Entered Level 5 of the Lair of Beasts
 19962 | Lair:5   | Found a gate leading to a gauntlet.
 19971 | Gauntlet | Entered a Gauntlet
 19971 | Gauntlet | Found a large runed translucent door.
 19971 | Gauntlet | Found a large runed translucent door.
 19971 | Gauntlet | Found a large runed translucent door.
 19971 | Gauntlet | Found a large runed translucent door.
 19971 | Gauntlet | Found a large runed translucent door.
 19971 | Gauntlet | Found a large runed translucent door.
 19971 | Gauntlet | Found a large runed translucent door.
 19971 | Gauntlet | Found a large runed translucent door.
 19971 | Gauntlet | Found a runed translucent door.
 19971 | Gauntlet | Found a runed translucent gate.
 19971 | Gauntlet | Found a transporter.
 19971 | Gauntlet | Found a transporter.
 19971 | Gauntlet | Found a runed translucent gate.
 19971 | Gauntlet | Found a transporter.
 20068 | Gauntlet | Found a transporter.
 20071 | Gauntlet | Found a transporter.
 20071 | Gauntlet | Found a transporter.
 20083 | Gauntlet | Found a transporter.
 20085 | Gauntlet | Found a transporter.
 20099 | Gauntlet | Found a transporter.
 20101 | Gauntlet | Found a transporter.
 20119 | Gauntlet | Found a transporter.
 20123 | Gauntlet | Found a transporter.
 20139 | Gauntlet | Found a runed translucent gate.
 20140 | Gauntlet | Found a large runed translucent door.
 20140 | Gauntlet | Found a large runed translucent door.
 20141 | Gauntlet | Found a large runed translucent door.
 20142 | Gauntlet | Found a large runed translucent door.
 20143 | Gauntlet | Found a large runed translucent door.
 20143 | Gauntlet | Found a large runed translucent door.
 20143 | Gauntlet | Found a runed translucent door.
 20144 | Gauntlet | Found a large runed translucent door.
 20145 | Gauntlet | Found a large runed translucent door.
 20510 | Gauntlet | Identified the +0 cloak of Niebircha {*Slow Will++ Regen+
                  | rCorr Dex+4}
 20514 | Gauntlet | Noticed a minotaur
 20651 | Gauntlet | Killed a minotaur
 20856 | Gauntlet | Found the +8 longbow "Zephyr" {speed, Dex+3 SInv}
 20862 | Gauntlet | Got the Folio of the Unified Jaunt
 21215 | D:4      | Bought fire dragon scales for 1800 gold pieces
 21215 | D:4      | Bought a pair of glowing boots for 225 gold pieces
 21518 | Lair:5   | Reached skill level 13 in Axes
 21750 | Lair:5   | Reached XP level 14. HP: 113/113 MP: 14/14
 21761 | Lair:5   | Acquired 974 gold pieces
 22210 | Lair:5   | Reached skill level 14 in Axes
 24240 | D:13     | Reached skill level 15 in Axes
 24255 | D:13     | Found a sacrificial altar of Ru.
 24302 | D:13     | Found a gate to the Vaults.
 24400 | D:13     | Noticed Rupert
 24424 | D:13     | Killed Rupert
 25087 | D:14     | Noticed Kirke
 25131 | D:14     | Killed Kirke
 25284 | D:14     | Reached skill level 16 in Axes
 25445 | D:14     | Reached XP level 15. HP: 58/119 MP: 7/15
 25672 | D:14     | Found a shimmering blue altar of Sif Muna.
 25793 | D:15     | Entered Level 15 of the Dungeon
 26352 | D:15     | Reached skill level 17 in Axes
 26751 | D:15     | Found a staircase to the Depths.
 27054 | Orc:1    | Found Famp's Antique Weapon Emporium.
 27353 | Orc:2    | Entered Level 2 of the Orcish Mines
 27447 | Orc:2    | Found a shimmering altar of Xom.
 27560 | Orc:2    | Found a staircase to the Elven Halls.
 28204 | Orc:2    | Reached skill level 18 in Axes
 28226 | Orc:2    | Found Sigrury's Weapon Boutique.
 28226 | Orc:2    | Found Raefrolaih's Armour Emporium.
 28228 | Orc:2    | Found Magoaski's General Store.
 28228 | Orc:2    | Found Rerat's Assorted Antiques.
 28239 | Orc:2    | Bought the +2 cloak of the Thief {*Fog Slay-2 SInv Stlth+}
                  | for 201 gold pieces
 28239 | Orc:2    | Found the +2 cloak of the Thief {*Fog Slay-2 SInv Stlth+}
 28480 | Snake:1  | Entered Level 1 of the Snake Pit
 28560 | Snake:1  | Found Aquna's Distillery.
 28562 | Snake:1  | Found Hewnub's Weapon Shoppe.
 28665 | Snake:1  | Reached skill level 1 in Dodging
 28679 | Snake:1  | Reached skill level 10 in Shields
 28737 | Snake:1  | Reached skill level 10 in Armour
 29132 | Snake:1  | Reached XP level 16. HP: 123/127 MP: 4/16
 31076 | Snake:3  | Noticed Agnes
 31086 | Snake:3  | Killed Agnes
 31390 | Snake:3  | Identified the +0 buckler "Vopelyna" {rPois rF+ Str+4}
 31460 | Snake:3  | Reached skill level 5 in Dodging
 31925 | Snake:4  | Entered Level 4 of the Snake Pit
 32037 | Snake:4  | Found Xedgh's Book Shoppe.
 32663 | Snake:3  | Reached XP level 17. HP: 137/137 MP: 17/17
 32982 | Snake:4  | Found Tieh's Assorted Antiques.
 33609 | Snake:3  | Reached skill level 1 in Evocations
 34009 | Snake:4  | Got a serpentine rune of Zot
 34415 | Swamp:1  | Entered Level 1 of the Swamp
 34418 | Swamp:1  | Noticed Mlioglotl
 34729 | Swamp:1  | Bought the ring of the Death Scarab {rC+ Int+6 Slay+2} for
                  | 992 gold pieces
 34888 | Swamp:1  | Killed Mlioglotl
 35140 | Swamp:1  | Noticed Donald
 35162 | Swamp:1  | Killed Donald
 35486 | Swamp:2  | Found a runed translucent gate.
 35486 | Swamp:2  | Found a runed translucent gate.
 35486 | Swamp:2  | Found a runed translucent gate.
 35489 | Swamp:2  | Noticed Hoethry's ghost (journeyman MiBe)
 35704 | Swamp:2  | Identified the +3 robe of the Echidna {rC++ Dex+5 Archmagi}
 36149 | Swamp:2  | Killed Hoethry's ghost
 36154 | Swamp:2  | Identified the +7 double sword "Fuopogr Ocva" {vorpal,
                  | Int+4 Stlth+}
 36193 | Swamp:3  | Noticed Bai Suzhen
 36233 | Swamp:4  | Entered Level 4 of the Swamp
 36234 | Swamp:4  | Identified the +0 tower shield "Dyupypn" {Harm rCorr}
 36234 | Swamp:4  | Noticed Louise
 36276 | Swamp:4  | Killed Louise
 36436 | Swamp:4  | Identified the +8 halberd of Makhleb's Pride {freeze, *Rage
                  | rCorr Stlth+}
 36486 | Swamp:4  | Reached XP level 18. HP: 128/147 MP: 13/18
 36651 | Swamp:4  | Reached skill level 5 in Evocations
 37201 | Swamp:4  | Got a decaying rune of Zot
 37462 | Elf:1    | Entered Level 1 of the Elven Halls
 37613 | Orc:2    | Reached skill level 15 in Fighting
 37849 | Vaults:1 | Entered Level 1 of the Vaults
 39196 | Vaults:1 | You fall into a shaft and drop 1 floor!
 39959 | Vaults:1 | Noticed Zenata
 39974 | Vaults:1 | Killed from afar by Zenata

Illustrated notes

Levels and vault maps discovered:
D:1:      nicolae_arrival_somewhat_less_tricky_arrival, layout_rooms,
          hellmonk_ecumenical_altar_lost_god, roderic_lattice_a,
          chequers_serial_rivers_room_a
D:2:      minmay_spotlight, layout_loops_corners, serial_glass, glass_columns_a,
          glass_columns_c, lightli_corner_chamber, uniq_terence
D:3:      layout_rooms
D:4:      minmay_recursive_quarters, layout_basic,
          nicolae_yredelemnul_ghost_church, serial_shops, kennysheep_little_box,
          nicolae_shop_behind_doors, shop, shop, nicolae_ossuary_entry_ruins,
          amcnicky_mini_corridor_feature
D:5:      minmay_chambers_of_fours, layout_basic, lemuel_crystal_altar,
          uniq_ijyb, uniq_edmund, uniq_crazy_yiuf_cottage
D:6:      layout_basic, mainiacjoe_overflow_catwalk,
          mainiacjoe_overflow_alcove_2, minmay_temple_entry_overgrown,
          wad_floor_pattern_1
D:7:      layout_loops_ring
D:8:      layout_cave_pods
D:9:      layout_basic, lemuel_round_altar, jmf_multi_god_temple2,
          lair_entry_dummy, erik_orc_3
D:10:     layout_layer_cave, elyvilon_altar_3, nicolae_trove_entry_free_sample,
          gammafunk_ghost_icy
D:11:     layout_basic, nrook_mini_backslash, uniq_amaemon
D:12:     layout_long_grid
D:13:     layout_loops_ring, erik_vaults_1, nicolae_benzene_ring,
          nicolae_ru_the_path_less_chosen, uniq_rupert
D:14:     layout_cave_pools, lemuel_blue_sif_altar, uniq_kirke
D:15:     gammafunk_enter_depths_forms, layout_irregular_city,
          hangedman_abyss_or_decor_stagger
Temple:   eino_narrow_crystal_temple
Lair:1:   minmay_lair_venomous_thicket, layout_cellular_growth
Lair:2:   hellmonk_destroyed_diamonds, layout_long_grid,
          minmay_swamp_entry_worms, uniq_erica
Lair:3:   layout_chaotic_city, dummy_snake_entry
Lair:4:   lemuel_reptile_caves, layout_misc_corridors, slime_entry_1,
          fungi_pond_lemuel
Lair:5:   due_jungle_book, layout_big_grid, gauntlet_entry_generic,
          grunt_megastairs_4, infiniplex_staircase_pool
Swamp:1:  layout_basic_swamp, evilmike_swamp_ruin_rubble_1,
          infiniplex_staircase_pool_2, uniq_mlioglotl, uniq_donald
Swamp:2:  layout_falls_marsh, gammafunk_ghost_hydra_chop,
          hangedman_swamp_diagram
Swamp:3:  layout_basic_swamp, hangedman_swamp_ruin_wall, swamp_pool2,
          uniq_bai_suzhen
Swamp:4:  swamp_basic_johnstein, layout_basic_swamp, uniq_louise
Snake:1:  layout_onion, drop_trap, minmay_shoptagon, lemuel_fruit_tree
Snake:2:  layout_onion_interference, nicolae_integral_box
Snake:3:  layout_onion, uniq_agnes
Snake:4:  snake_pit, layout_grid_shapes, serial_shops, shop_fountains,
          nicolae_square_shop, grunt_ministairs_14, serial_bayou_shore_a
Orc:1:    layout_diamond_mine, serial_shops, nicolae_square_shop,
          statue_in_the_mist_lemuel
Orc:2:    grunt_orc_tribal_feast, layout_caves, basic_altar, special_room
Elf:1:    minmay_elf_arrival_circle, layout_geoelf_octagon,
          kennysheep_underground_church, minivault_19, due_unseen_surprise,
          uniq_frances
Vaults:1: hangedman_vaults_nails, v_misc_30, nicolae_vaults_arrows,
          hangedman_vaults_hat, hangedman_vaults_maws,
          nicolae_vaults_windows_and_doors_thing, nicolae_vaults_statue_guard,
          ontoclasm_vaults_decontamination, hangedman_vaults_stretched_pinwheel,
          layout_vaults_maze_snakey, uniq_zenata
Vaults:2: nicolae_vaults_c_with_doors, nicolae_vaults_rhombus_6,
          nicolae_vaults_mini_display_case, hangedman_vaults_stretched_pinwheel,
          vaults_mumra_lcd, v_misc_22, ontoclasm_vaults_twist, v_rooms_2,
          hangedman_vaults_slice, nicolae_vaults_asterisk, nicolae_vaults_theta,
          grunt_vaults_hallway_short, ontoclasm_vaults_idyll,
          vaults_dpeg_emergency_exit, layout_vaults_omnigrid

Skill      XL: |  1  2  3  4  5  6  7  8  9 10 11 12 13 14 15 16 17 18 |
---------------+-------------------------------------------------------+-----
Axes           | 2 3 4 5 6 7 9 10 12 13 16 18 | 18.1
Shields        | 3 4 5 6 7 8 9 10 11 12 13 | 13.3
Armour         | 3 4 5 6 7 8 9 10 11 12 13 | 13.3
Fighting       | 4 5 6 7 8 9 10 11 12 13 14 15 | 15.6
Dodging        | 2 5 |  5.8
Evocations     | 4 6 |  6.9

Action                   |  1- 3 |  4- 6 |  7- 9 | 10-12 | 13-15 | 16-18 || total
-------------------------+-------+-------+-------+-------+-------+-------++-------
Melee: War axe           |    47 |       |       |       |       |       ||    47
       Flail             |    48 |   129 |   497 |   281 |     5 |       ||   960
       Broad axe         |       |       |       |   406 |  1202 |  1577 ||  3185
       Hand axe          |       |       |       |       |       |   139 ||   139
Invok: Call Merchant     |       |       |       |       |       |     2 ||     2
Evoke: Wand              |       |       |     8 |    18 |    18 |     6 ||    50
       Phantom mirror    |       |       |       |       |       |     2 ||     2
  Use: Scroll            |       |       |    12 |    11 |    12 |    13 ||    48
 Stab: Distracted        |       |       |       |     5 |     7 |    18 ||    30
       Sleeping          |       |       |       |     1 |       |       ||     1
       Confused          |       |       |       |       |     1 |       ||     1
Armor: Scale mail        |    43 |       |       |       |       |       ||    43
       Chain mail        |     8 |    89 |   229 |    23 |       |       ||   349
       Leather armour    |       |       |    81 |   163 |    10 |       ||   254
       Plate armour      |       |       |       |   125 |    56 |       ||   181
       Fire dragon scale |       |       |       |       |   261 |   524 ||   785
Dodge: Dodged            |    33 |    25 |   220 |   278 |   374 |   620 ||  1550
Block: Buckler           |     3 |       |       |       |       |       ||     3
       Tower shield      |    63 |    96 |   456 |   544 |   851 |  1243 ||  3253

Table legend: (Time is in decaauts)
 A = Elapsed time spent in this place.
 B = Non-inter-level travel time spent in this place.
 C = Inter-level travel time spent in this place.
 D = Time resting spent in this place.
 E = Time spent auto-exploring this place.
 F = Levels seen in this place.
 G = Mean time per level.
                   A        B        C        D        E       F      G
               +--------+--------+--------+--------+--------+-----+--------+
         Total |  40402 |  36859 |   3543 |   8547 |  17677 |  36 | 1122.3 |
       Dungeon |  18583 |  16381 |   2202 |   3158 |   9371 |  15 | 1238.9 |
        Temple |    155 |    141 |     14 |      0 |    135 |   1 |  155.0 |
          Lair |   7911 |   7094 |    817 |   2556 |   2833 |   5 | 1582.2 |
         Swamp |   2932 |   2750 |    182 |    472 |    876 |   4 |  733.0 |
     Snake Pit |   5499 |   5358 |    141 |   1089 |   2506 |   4 | 1374.8 |
  Orcish Mines |   1745 |   1566 |    179 |    206 |    782 |   2 |  872.5 |
   Elven Halls |     53 |     53 |      0 |      0 |      0 |   1 |   53.0 |
        Vaults |   1974 |   1969 |      5 |    264 |    908 |   2 |  987.0 |
       Ossuary |    592 |    592 |      0 |    327 |     83 |   1 |  592.0 |
      Gauntlet |    953 |    953 |      0 |    473 |    182 |   1 |  953.0 |
               +--------+--------+--------+--------+--------+-----+--------+

Top non-repeatable levels by time:
     D:9: 2957 daAuts
     D:4: 2057 daAuts
 Snake:4: 1775 daAuts
  Lair:1: 1730 daAuts
  Lair:4: 1610 daAuts
  Lair:2: 1539 daAuts
  Lair:5: 1536 daAuts
    D:10: 1530 daAuts
  Lair:3: 1495 daAuts
Vaults:1: 1478 daAuts
     D:2: 1426 daAuts
     D:5: 1402 daAuts
     D:8: 1398 daAuts
 Snake:3: 1344 daAuts
 Snake:2: 1319 daAuts
